 Dungeon Crawl Stone Soup version 0.18-a0-1060-g4fac74f (webtiles) character file.

232 M4edhros the Sneak (level 6, -1/38 HPs)
             Began as an Octopode Artificer on Jan 12, 2016.
             Slain by a river rat (5 damage)
             ... in a sewer.
             The game lasted 00:05:33 (3133 turns).

M4edhros the Sneak (Octopode Artificer)             Turns: 3133, Time: 00:05:33

Health: -1/38      AC:  1    Str: 10    XL:     6   Next: 4%
Magic:  9/9        EV:  9    Int: 16    God:
Gold:   182        SH: 11    Dex: 13    Spells: 0 memorised, 5 levels left

rFire  . . .     SeeInvis .     j - -2 short sword (curse)
rCold  . . .     Gourm    .     n - +1 large shield
rNeg   + . .     Faith    .     (helmet restricted)
rPois  .         Spirit   .     (no amulet)
rElec  .         Dismiss  .     e - ring of teleportation (curse)
rCorr  .         Reflect  .     o - ring of positive energy (curse)
SustAt .         Harm     .     (no ring)
MR     .....     Rnd*Tele +     (no ring)
Stlth  ++++......               (no ring)
                                (no ring)
                                (no ring)
                                (no ring)

@: not resistant to hostile enchantments, stealthy
A: almost no armour, amphibious, 8 rings, constrict 8, camouflage 1, gelatinous
body 1
a: Evoke Teleportation


You were in a sewer.
You were not hungry.

You visited 1 branch of the dungeon, and saw 4 of its levels.
You also visited: Sewer.

You collected 182 gold pieces.

Inventory:

Hand Weapons
 a - a +0 short sword
 j - a cursed -2 short sword (weapon)
 p - a +0 rapier
 r - a +2 dagger of speed
Missiles
 i - 41 stones (quivered)
 k - 18 sling bullets of frost
 l - 61 sling bullets
Armour
 n - a +1 large shield (worn)
Jewellery
 e - a cursed ring of teleportation (left tentacle)
 o - a cursed ring of positive energy (right tentacle)
Wands
 b - a wand of flame (38/48)
 c - a wand of enslavement (15/24)
 d - a wand of random effects (14/48)
Scrolls
 m - a scroll of fog
 v - 2 scrolls of teleportation
Potions
 h - 3 potions of agility
 t - 5 potions of curing
 u - a potion of magic {unknown}
 w - 5 potions of heal wounds
 x - a potion of flight {unknown}
Comestibles
 f - 3 bread rations
 g - a royal jelly
 q - 2 fruits
 s - a beef jerky


   Skills:
 - Level 1.0 Fighting
 - Level 1.0 Short Blades
 * Level 4.1 Dodging
 * Level 5.1 Stealth
 * Level 1.1 Shields
 + Level 4.1 Evocations


You had 5 spell levels left.
You didn't know any spells.

Dungeon Overview and Level Annotations

Branches:
Dungeon (4/15)
 Temple: D:4-7

Altars:
Qazlal
Sif Muna

Shops:
D:4 }


Innate Abilities, Weirdness & Mutations

You cannot wear most types of armour.
You are amphibious.
You can wear up to eight rings at the same time.
You can use your tentacles to constrict eight enemies at once.
Your skin changes colour to match your surroundings (Stealth).
Your rubbery body absorbs attacks (AC +1).


Message History

You are suddenly yanked towards some nearby monsters!
Your surroundings suddenly seem different.
Floosh! 2 rats and 2 river rats come into view.
You block the rat's attack.
You closely miss the river rat. You grab the river rat.
You constrict the river rat, but do no damage.
The river rat bites you. You block the rat's attack.
You block the river rat's attack. You block the rat's attack.
You hit the river rat.
The river rat is heavily wounded.
You constrict the river rat, but do no damage.
The river rat bites you! You block the rat's attack. The river rat bites you!
* * * LOW HITPOINT WARNING * * *
You block the rat's attack. The river rat bites you.
* * * LOW HITPOINT WARNING * * *
The rat bites you.
* * * LOW HITPOINT WARNING * * *
The river rat bites you.
You die...

#.###..≈≈≈≈≈≈≈...#÷.
#∩ #..≈≈≈≈≈≈≈....÷.
#...≈≈≈≈≈≈......#
##....≈≈≈≈≈#....##
#.....≈≈≈≈≈##...#
##....≈≈≈≈≈≈≈##..#
#......≈≈≈≈≈≈##..##
#rrr.≈≈≈≈≈≈≈≈#....#
#r@...≈≈≈≈≈≈≈≈....#
##...≈≈≈≈≈≈≈≈≈.....
#....≈≈≈≈≈≈≈≈≈≈...
#...≈≈≈≈≈≈≈≈≈≈≈...
##..≈≈≈≈≈≈≈≈≈≈....
##+###≈≈≈≈≈≈###'#
≈≈≈≈≈#.))†
≈≈≈≈≈#....
≈≈≈≈≈##...


You could see 2 river rats and 2 rats.

Vanquished Creatures
  A scorpion (D:3)
  2 river rats (Sewer)
  7 adders
  An ooze (Sewer)
  2 worms
  4 giant geckos
  4 ball pythons
  4 bats
  6 giant cockroaches
  3 goblins
  9 hobgoblins
  3 jackals (D:2)
  A quokka (D:3)
  7 giant newts
  19 kobolds
  27 rats
100 creatures vanquished.

Notes
Turn   | Place    | Note
--------------------------------------------------------------
     0 | D:1      | M4edhros the Octopode Artificer began the quest for the Orb.
     0 | D:1      | Reached XP level 1. HP: 13/13 MP: 3/3
   348 | D:1      | Reached XP level 2. HP: 9/18 MP: 4/4
  1047 | D:1      | Reached XP level 3. HP: 17/23 MP: 5/5
  1503 | D:2      | Found a faded altar to an unknown god.
  1585 | D:2      | Found a stormy altar of Qazlal.
  1588 | D:2      | Reached XP level 4. HP: 18/28 MP: 6/6
  2036 | D:2      | Found a deep blue altar of Sif Muna.
  2190 | D:3      | Reached skill level 4 in Stealth
  2299 | D:4      | Found Obrempil's Gadget Shop.
  2377 | D:3      | Reached XP level 5. HP: 7/33 MP: 6/8
  2466 | D:3      | Found a glowing drain.
  2470 | Sewer    | Entered a sewer
  2748 | Sewer    | Reached skill level 1 in Shields
  2982 | Sewer    | Reached skill level 5 in Stealth
  2990 | Sewer    | Reached XP level 6. HP: 33/38 MP: 9/9
  3133 | Sewer    | Slain by a river rat

Vault maps used:
D:1:      denvon_arrival_hothouse
D:2:      nicolae_overflow_crystal_walls, lemuel_blue_sif_altar,
          nicolae_overflow_hidden_temple, first_bread, ecumenical_altar_2
D:3:      okawaru_metal_pillars_1_2, gup_sewer_entry_bowl, uniq_sigmund
D:4:      wad_river_or_something, grunt_temple_overflow_gold_and_silver,
          serial_shops, shop_statue
Sewer:    sewer_minmay_treatment

Action                   |  1- 3 |  4- 6 || total
-------------------------+-------+-------++-------
Melee: Short sword       |    88 |   139 ||   227
Throw: Stone             |     4 |       ||     4
Evoke: Wand              |       |     4 ||     4
  Use: Scroll            |     6 |     3 ||     9
       Potion            |       |     5 ||     5
 Stab: Sleeping          |     8 |     7 ||    15
  Eat: Chunk             |     2 |     5 ||     7
